 Dungeon Crawl Stone Soup version 0.27-a0-1202-ge72e49191c (webtiles) character file.

Game seed: 14849206388273693218

184 leviel the Chopper (level 5, -13/43 (45) HPs)
             Began as a Hill Orc Fighter on June 3, 2021.
             Was an Initiate of Okawaru.
             Mangled by an ogre
             ... wielding a +0 giant club
              (22 damage)
             ... on level 5 of the Dungeon.
             The game lasted 00:05:54 (3710 turns).

leviel the Chopper (Hill Orc Fighter)               Turns: 3710, Time: 00:05:54

HP:   -13/43 (45)   AC:  8    Str: 17 (20) XL:     5   Next: 64%
MP:   5/5           EV:  7    Int:  7 (8)  God:    Okawaru [......]
Gold: 86            SH:  8    Dex:  8 (10) Spells: 4/4 levels left

rFire    . . .     SeeInvis .   a - +0 war axe
rCold    . . .     Faith    .   c - +0 kite shield
rNeg     . . .     Spirit   .   b - +0 scale mail
rPois    .         Reflect  .   (no helmet)
rElec    .         Harm     .   (no cloak)
rCorr    .         Rampage  .   (no gloves)
Will     .....                  (no boots)
Stlth    ..........             (no amulet)
HPRegen  0.14/turn              (no ring)
MPRegen  0.09/turn              (no ring)

@: flying, lightly drained
A: talons 1, iridescent scales 1, evolution 1, subdued magic 1
a: Renounce Religion


You were on level 5 of the Dungeon.
You worshipped Okawaru.
Okawaru was noncommittal.
You visited 2 branches of the dungeon, and saw 6 of its levels.

You collected 86 gold pieces.

Inventory:

Hand Weapons
 a - a +0 war axe (weapon)
Armour
 b - a +0 scale mail (worn)
 c - a +0 kite shield (worn)
Scrolls
 h - a scroll of fear {unknown}
Potions
 d - a potion of might
 e - 2 potions of degeneration


   Skills:
 - Level 3.6 Fighting
 + Level 7.5 Axes
 - Level 3.2 Armour
 - Level 3.2 Shields


You had 4 spell levels left.
You didn't know any spells.
Your spell library contained the following spells:

 Spells                   Type           Power      Damage    Failure   Level
 Summon Small Mammal      Summ           0%         N/A       100%        1
 Call Imp                 Summ           0%         N/A       100%        2
 Call Canine Familiar     Summ           0%         N/A       100%        3
 Summon Guardian Golem    Hex/Summ       0%         N/A       100%        3
 Summon Ice Beast         Ice/Summ       0%         N/A       100%        4
 Summon Lightning Spire   Summ/Air       0%         N/A       100%        4


Dungeon Overview and Level Annotations

Branches:
Dungeon (6/15)             Temple (1/1) D:6

Altars:
Ashenzari
Cheibriados
Dithmenos
Elyvilon
Fedhas
Hepliaklqana
Makhleb
Okawaru
Ru
Uskayaw
Vehumet
Wu Jian
The Shining One

Shops:
D:2 (


Innate Abilities, Weirdness & Mutations

You have sharp toenails.
You are partially covered in iridescent scales. (AC +2)
You evolve.
Your spells are a little easier to cast, but a little less powerful.


Message History

The killer bee zombie completely misses you.
The howler monkey hoots and howls with incredible vigour!
The howler monkey hoots and howls with incredible vigour!
The shadow imp disappears for a moment.
Found a leather armour.
The howler monkey hoots and howls with incredible vigour!
Found a small moonstone ring.
Found a scroll labelled DOTHRI SAWOYLOA.
Found 6 gold pieces.
You see here a +6 ring of intelligence.
The sentinel's mark upon you fades away.
The howler monkey hoots and howls with incredible vigour!
The howler monkey hoots and howls with incredible vigour!
Okay, then.
The howler monkey hoots and howls with incredible vigour!
The howler monkey hoots and howls with incredible vigour!
Found a stone staircase leading up.
The howler monkey hoots and howls with incredible vigour!
The kobold shouts!
You hear a shout!
There is a stone staircase leading up here.
The ogre hits you with a +0 giant club!
* * * LOW HITPOINT WARNING * * *
You climb upwards.
Found a scroll labelled YDIRAASERA and 4 boomerangs.
There is a stone staircase leading down here.
Found a leatherbound book.
It was a potion of degeneration.
There was something very wrong with that liquid.
You feel weakened.
You feel dopey.
You feel clumsy. The ogre barely misses you.
It was a potion of mutation.
You feel extremely strange.
Iridescent scales grow over part of your body.
You feel nature experimenting on you.
Don't worry, failures die fast.
Your connection to magic feels subdued.
Your toenails lengthen and sharpen.
It was a potion of flight.
You feel very buoyant.
You fly up into the air.
The ogre hits you with a +0 giant club!!
Ouch! That really hurt!
You die...

#.....?...
#.........
#.........
#.........
#.........
####.>.......
#............
####O########
#@# #.# #.#
#.. #.# ...
#.# #:#


You could see an ogre.

Vanquished Creatures
  An orc priest (D:2)
  An orc wizard (D:3)
  3 gnolls
  4 adders (D:2)
  A white imp (D:6)
  A worm (D:2)
  2 orcs
  6 bats
  8 endoplasms
  4 giant cockroaches
  6 goblins
  5 hobgoblins
  2 jackals (D:1)
  2 kobolds
  A quokka (D:2)
  2 ball pythons (D:2)
  4 frilled lizards
  3 rats
56 creatures vanquished.

Notes
Turn   | Place    | Note
-------+----------+-------------------------------------------
     0 | D:1      | leviel the Hill Orc Fighter began the quest for the Orb.
     0 | D:1      | Reached XP level 1. HP: 19/19 MP: 1/1
    17 | D:1      | Reached skill level 3 in Axes
   153 | D:1      | Reached XP level 2. HP: 25/26 MP: 2/2
   418 | D:1      | Reached skill level 4 in Axes
  1343 | D:1      | Reached XP level 3. HP: 28/31 MP: 3/3
  1607 | D:1      | Found a faded altar of an unknown god.
  1705 | D:2      | Reached skill level 5 in Axes
  1755 | D:2      | Reached XP level 4. HP: 39/39 MP: 4/4
  2242 | D:2      | Reached skill level 6 in Axes
  2393 | D:2      | Found Qeybues's Antique Weapon Emporium.
  2538 | D:2      | Reached XP level 5. HP: 12/45 MP: 5/5
  2764 | D:3      | Reached skill level 7 in Axes
  3188 | D:3      | You fall into a shaft and drop 3 floors!
  3188 | D:6      | Noticed a kobold brigand
  3205 | D:6      | Found a staircase to the Ecumenical Temple.
  3216 | Temple   | Entered the Ecumenical Temple
  3612 | Temple   | Became a worshipper of Warmaster Okawaru
  3659 | D:6      | Noticed an ogre
  3704 | D:5      | Entered Level 5 of the Dungeon
  3709 | D:5      | Gained mutation: You are partially covered in iridescent
                  | scales. (AC +2) [potion of mutation]
  3709 | D:5      | Gained mutation: You evolve. [potion of mutation]
  3709 | D:5      | Gained mutation: Your spells are a little easier to cast,
                  | but a little less powerful. [potion of mutation]
  3709 | D:5      | Gained mutation: You have sharp toenails. [potion of
                  | mutation]
  3710 | D:5      | Mangled by an ogre

Illustrated notes

Levels and vault maps discovered:
D:1:      amcnicky_arrival_wind_blow, layout_loops_corners,
          shapermc_ecumenical_altar_mp_urbaneastern
D:2:      layout_basic, serial_shops, shop
D:3:      layout_basic, nicolae_qazlal_style_of_elements, serial_shops, shop
D:5:      kennysheep_slugbush, layout_basic, trog_ov_bears_minmay,
          kennysheep_boxes
D:6:      layout_cave_pods, minmay_temple_entry_butterflies,
          serial_co_window_serial, co_window_corner_a, co_window_paths_b,
          co_window_corner_a, co_window_paths_b, co_window_paths_b,
          co_window_of_opportunity_c, co_window_cross_3, co_window_2corner,
          co_window_corner_b, co_window_corner_b, co_window_4corner_a,
          serial_shops, shop, st_stairs_13, grunt_ministairs_12,
          chequers_serial_rivers_micro_e, uniq_sigmund
Temple:   nicolae_temple_god_jail

Skill      XL: |  1  2  3  4  5 |
---------------+----------------+-----
Axes           | 3 4 5 6 7 |  7.5
Fighting       | |  3.6
Armour         | |  3.2
Shields        | |  3.2

Action                   |  1- 3 |  4- 6 || total
-------------------------+-------+-------++-------
Melee: War axe           |   102 |    95 ||   197
  Use: Scroll            |       |     6 ||     6
       Potion            |       |     3 ||     3
Armor: Scale mail        |    49 |    55 ||   104
Dodge: Dodged            |    30 |    39 ||    69
Block: Kite shield       |    57 |    60 ||   117

Table legend: (Time is in decaauts)
 A = Elapsed time spent in this place.
 B = Non-inter-level travel time spent in this place.
 C = Inter-level travel time spent in this place.
 D = Time resting spent in this place.
 E = Time spent auto-exploring this place.
 F = Levels seen in this place.
 G = Mean time per level.
                   A        B        C        D        E       F      G
               +--------+--------+--------+--------+--------+-----+--------+
         Total |   3810 |   3728 |     82 |   1367 |   1794 |   6 |  635.0 |
       Dungeon |   3396 |   3330 |     66 |   1053 |   1737 |   5 |  679.2 |
        Temple |    413 |    397 |     16 |    314 |     57 |   1 |  413.0 |
               +--------+--------+--------+--------+--------+-----+--------+

Top non-repeatable levels by time:
     D:1: 1694 daAuts
     D:2: 1254 daAuts
  Temple: 413 daAuts
     D:3: 330 daAuts
     D:6: 110 daAuts
     D:5: 5 daAuts
